 Dungeon Crawl Stone Soup version 0.31-a0-236-g9a0961fb85 (webtiles) character file.

Game seed: 9221543085546598084

7 qw the Vexing (level 2, -1/16 HPs)
             Began as a Gargoyle Hexslinger on July 9, 2023.
             Slain by a gnoll
             ... wielding a +1 heavy spear
              (13 damage)
             ... on level 1 of the Dungeon.
             The game lasted 00:00:05 (330 turns).

qw the Vexing (Gargoyle Hexslinger)                  Turns: 330, Time: 00:00:05

Health: -1/16      AC:  4    Str: 11    XL:     2   Next: 0%
Magic:  3/3        EV: 12    Int: 13    God:
Gold:   25         SH:  0    Dex: 12    Spells: 2/3 levels left

rFire   . . .        Y - +1 sling
rCold   . . .        (no shield)
rNeg    + . .        c - +0 robe
rPois   inf          (no helmet)
rElec   +            (no cloak)
rCorr   .            (no gloves)
SInv    .            (no boots)
Will    .....        (no amulet)
Stlth   +            (no ring)
HPRegen 0.22/turn    (no ring)
MPRegen 0.08/turn

%: no passive effects
@: no status effects
A: sickness immunity, AC +2, negative energy resistance 1, electricity
resistance, torment resistance 1, petrification resistance
a: no special abilities


You were on level 1 of the Dungeon.
You visited 1 branch of the dungeon, and saw 1 of its levels.

You collected 25 gold pieces.


Innate Abilities, Weirdness & Mutations

You are immune to sickness and miasma.
Your stone body is resilient. (AC +2)
You are immune to poison.
You resist negative energy. (rN+)
You are resistant to electric shocks. (rElec)
You are resistant to unholy torment.
You are immune to petrification.


   Skills:
 - Level 1.1 Fighting
 + Level 2.6 Ranged Weapons
 - Level 1.5 Dodging
 - Level 1.0 Spellcasting
 - Level 2.6 Hexes


You had 2 spell levels left.
You knew the following spells:

 Your Spells              Type           Power      Damage    Failure   Level
a - Slow                  Hex            28%        N/A       10%         1

Your spell library contained the following spells:

 Spells                   Type           Power      Damage    Failure   Level
 Inner Flame              Hex/Fire       4%         N/A       43%         3
 Portal Projectile        Hex/Tloc       8%         N/A       43%         3
 Cause Fear               Hex            3%         N/A       67%         4

Inventory:

Hand Weapons
 Y - a +1 sling (weapon)
Armour
 c - a +0 robe (worn)
Scrolls
 b - a scroll of poison
Potions
 e - 2 potions of curing
 f - a potion of lignification {unknown}
 g - a potion of heal wounds {unknown}

Dungeon Overview and Level Annotations

Branches:
Dungeon (1/15)

Altars:

Annotations:
D:1 exclusion: 2 gnolls


Message History

You have reached level 2!
A gnoll comes into view. It is wielding a +1 heavy spear.
The gnoll shouts!
Enter note:
Enter note: You shoot a sling bullet.
The sling bullet hits the gnoll but does no damage.
You shoot a sling bullet.
The sling bullet barely misses the gnoll.
The gnoll barely misses you.
You shoot a sling bullet. The sling bullet hits the gnoll.
The gnoll is moderately wounded.
The gnoll barely misses you.
You shoot a sling bullet.
The sling bullet closely misses the gnoll.
The gnoll hits you from afar with a +1 heavy spear!
Ouch! That really hurt!
Enter note:
Enter note:
325 ||| READING scroll labelled XITIESHR JO QUDDEWK.
As you read the scroll labelled XITIESHR JO QUDDEWK, it dissolves into smoke.
It was a scroll of fog.
Enter note:
Enter note:
Enter note:
Enter note:
Enter note:
Enter note:
327 ||| DRINKING 3 bubbling amethyst potions.
It was a potion of curing.
You feel better. The gnoll closely misses you.
Enter note:
Enter note:
Enter note:
Enter note: You shoot a sling bullet.
The sling bullet closely misses the gnoll.
The gnoll hits you from afar with a +1 heavy spear!
Ouch! That really hurt!
You die...

#... ####...
### #...... ..#
....... #.#
..... #.# #.¤¤
####.# #
####.¤¤###@¤¤.#
..
.....¤¤¤g¤¤#..#
..
...?######¤¤..#
.# # ##¤#.# .#
#.#.# .# #.#.#
.# #.#.##### .#
#.#.....#
.########
#.#####.#


You could see a gnoll.

Vanquished Creatures
  2 ball pythons (D:1)
  An endoplasm (D:1)
  A giant cockroach (D:1)
  A kobold (D:1)
5 creatures vanquished.

Notes
Turn   | Place    | Note
-------+----------+-------------------------------------------
     0 | D:1      | qw the Gargoyle Hexslinger began the quest for the Orb.
     0 | D:1      | Reached XP level 1. HP: 12/12 MP: 2/2
     0 | D:1      | 0 ||| qw: Version: 0.3-a-51-g015441d
     0 | D:1      | 0 ||| qw: Game counter: 4416
     0 | D:1      | 0 ||| qw: Melee chars always use a shield: true
     0 | D:1      | 0 ||| qw: God list: Okawaru
     0 | D:1      | 0 ||| qw: Allow faded altars: false
     0 | D:1      | 0 ||| qw: Do Orc after clearing Dungeon:15 true
     0 | D:1      | 0 ||| qw: Do second Lair branch before Depths: true
     0 | D:1      | 0 ||| qw: Lair rune preference: random
     0 | D:1      | 0 ||| qw: Goals: Normal
     0 | D:1      | 0 ||| PLANNING D:1-11
   299 | D:1      | Reached XP level 2. HP: 16/16 MP: 3/3
   325 | D:1      | 325 ||| READING scroll labelled XITIESHR JO QUDDEWK.
   327 | D:1      | 327 ||| DRINKING 3 bubbling amethyst potions.
   330 | D:1      | Slain by a gnoll

Levels and vault maps discovered:
D:1:      dpeg_arrival_connections, layout_loops_ring,
          shapermc_ecumenical_altar_starsandcircs

Action                     || total
---------------------------++-------
   Fire: Sling             ||    16
    Use: Scroll            ||     1
         Potion            ||     1
  Dodge: Dodged            ||     8

Table legend:
 A = Non-vault XP
 B = Vault XP
 C = Vault XP percentage of total XP
 D = Non-vault monster count
 E = Vault monster count
 F = Vault count percentage of total count
                 A         B        C        D         E       F
            +---------+---------+-------+---------+---------+-------
      Total |      10 |       0 |   0.0 |       5 |       0 |   0.0
            +---------+---------+-------+---------+---------+-------
        D:1 |      10 |       0 |   0.0 |       5 |       0 |   0.0
            +---------+---------+-------+---------+---------+-------
